 Dungeon Crawl Stone Soup version 0.27-a0-1200-g94dc6ad4cf (webtiles) character file.

Game seed: 13477215690177487036

130 bilbop the Shield-Bearer (level 4, 0/41 HPs)
             Began as a Minotaur Fighter on June 1, 2021.
             Slain by Grinder (2 damage)
             ... while paralysed by Grinder
             ... on level 3 of the Dungeon.
             The game lasted 00:06:23 (2323 turns).

bilbop the Shield-Bearer (Minotaur Fighter)         Turns: 2323, Time: 00:06:23

Health: 0/41       AC:  9    Str: 22    XL:     4   Next: 89%
Magic:  3/3        EV:  2    Int:  5    God:
Gold:   67         SH:  0    Dex:  9    Spells: 3/3 levels left

rFire    . . .     SeeInvis .   a - +0 flail
rCold    . . .     Faith    .   c - +0 kite shield
rNeg     . . .     Spirit   .   g - +0 chain mail
rPois    .         Reflect  .   (helmet restricted)
rElec    .         Harm     .   (no cloak)
rCorr    .         Rampage  .   (no gloves)
Will     .....                  (no boots)
Stlth    ..........             (no amulet)
HPRegen  0.13/turn              (no ring)
MPRegen  0.08/turn              (no ring)

@: paralysed
A: horns 2, retaliatory headbutt
a: no special abilities


You were on level 3 of the Dungeon.
You visited 1 branch of the dungeon, and saw 3 of its levels.

You collected 67 gold pieces.

Inventory:

Hand Weapons
 a - a +0 flail (weapon)
Armour
 b - a +0 scale mail
 c - a +0 kite shield (worn)
 g - a +0 chain mail (worn)
Jewellery
 e - an amulet of faith
 i - a ring of magical power
 k - a ring of positive energy
Scrolls
 f - a scroll of vulnerability {unknown}
 j - a scroll of identify {unknown}
 l - a scroll of teleportation {unknown}
 m - a scroll of magic mapping {unknown}
 o - a scroll of amnesia {unknown}
Potions
 d - 3 potions of might
 h - 3 potions of curing {unknown}
 n - a potion of flight {unknown}


   Skills:
 + Level 4.4 Fighting
 * Level 4.3 Maces & Flails
 + Level 4.4 Armour
 + Level 4.4 Shields


You had 3 spell levels left.
You didn't know any spells.
Your spell library contained the following spells:

 Spells                   Type           Power      Damage    Failure   Level
 Animate Skeleton         Necr           0%         N/A       100%        1
 Magic Dart               Conj           0%         1d3       100%        1
 Pain                     Necr           0%         1d4       100%        1
 Searing Ray              Conj           0%         3d3       100%        2
 Dazzling Flash           Conj/Hex       0%         N/A       100%        3
 Vampiric Draining        Necr           0%         2d6       100%        3
 Animate Dead             Necr           0%         N/A       100%        4
 Fulminant Prism          Conj/Hex       0%         3d6       100%        4
 Iskenderun's Mystic Bla  Conj/Tloc      0%         2d3       100%        4
 Agony                    Necr           0%         N/A       100%        5


Dungeon Overview and Level Annotations

Branches:
Dungeon (3/15)

Altars:

Annotations:
D:3 Grinder


Innate Abilities, Weirdness & Mutations

You have a pair of horns on your head.
You reflexively headbutt those who attack you in melee.


Message History

The ball python hisses angrily.
There is a stone staircase leading up here.
You completely miss the ball python.
The ball python bites you but does no damage.
You block the ball python's attack.
The ball python bites you but does no damage.
The ball python grabs you. The ball python constricts you.
You closely miss the ball python. The ball python bites you.
The ball python constricts you.
You sock the ball python!
You kill the ball python!
No target in view!
No target in view!
No target in view!
HP restored.
Grinder comes into view.
Grinder moves out of view.
Grinder gestures at you.
You suddenly lose the ability to move!
Grinder gestures at you.
You shrug off the repeated paralysis!
Grinder hits you!
You writhe in agony.
Grinder hits you.
You writhe in agony.
You can move again.
Your shield and chain mail prevent you from hitting Grinder.
Grinder gestures at you.
You shrug off the repeated paralysis!
You closely miss Grinder. You headbutt Grinder!
Grinder is moderately wounded.
Grinder hits you.
You writhe in agony.
Grinder gestures at you.
You suddenly lose the ability to move!
Grinder hits you.
You writhe in agony.
* * * LOW HITPOINT WARNING * * *
Grinder hits you but does no damage. Grinder gestures at you.
Pain shoots through your body!
* * * LOW HITPOINT WARNING * * *
Grinder hits you.
You die...

####
#...#########
#....@5..#
##.#.#.#.#
#.#.#.......# #
##.#.###.#...#
#..###.##.###...
..
#...........##.
#....<..###. #
#.......#
#.........#


You could see Grinder.

Vanquished Creatures
  Natasha (twice) (D:2)
  3 adders (D:2)
  A worm (D:2)
  7 ball pythons
  4 bats
  4 endoplasms
  A giant cockroach (D:2)
  8 goblins
  8 hobgoblins
  4 frilled lizards
  4 kobolds
  3 rats
49 creatures vanquished.

Notes
Turn   | Place    | Note
-------+----------+-------------------------------------------
     0 | D:1      | bilbop the Minotaur Fighter began the quest for the Orb.
     0 | D:1      | Reached XP level 1. HP: 19/19 MP: 0/0
   364 | D:1      | Reached XP level 2. HP: 27/27 MP: 1/1
  1018 | D:2      | Reached XP level 3. HP: 33/33 MP: 2/2
  1501 | D:2      | Noticed Natasha
  1510 | D:2      | Killed Natasha
  1606 | D:2      | Reached XP level 4. HP: 40/40 MP: 3/3
  2067 | D:2      | Noticed Natasha
  2076 | D:2      | Killed Natasha
  2311 | D:3      | Noticed Grinder
  2312 | D:3      | Paralysed by Grinder for 6 turns
  2319 | D:3      | Paralysed by Grinder for 7 turns
  2322 | D:3      | HP: 2/41 [Grinder/nerve-wracking pain (10)]
  2323 | D:3      | Slain by Grinder

Illustrated notes

Levels and vault maps discovered:
D:1:      kilobyte_arrival_exit_the_forest, layout_basic
D:2:      minmay_chambers_of_twos, layout_basic, minmay_cupped, uniq_natasha
D:3:      layout_loops_cross, general_overflow_altar,
          ebering_ecumenical_altar_petrified, uniq_grinder

Skill      XL: |  1  2  3  4 |
---------------+-------------+-----
Maces & Flails | 3 4 |  4.3
Fighting       | 4 |  4.4
Armour         | 4 |  4.4
Shields        | 4 |  4.4

Action                   |  1- 3 |  4- 6 || total
-------------------------+-------+-------++-------
Melee: Flail             |    88 |    48 ||   136
       Headbutt          |     5 |     2 ||     7
Armor: Scale mail        |     8 |       ||     8
       Chain mail        |    37 |    45 ||    82
Dodge: Dodged            |    29 |     9 ||    38
Block: Kite shield       |    49 |    31 ||    80

Table legend: (Time is in decaauts)
 A = Elapsed time spent in this place.
 B = Non-inter-level travel time spent in this place.
 C = Inter-level travel time spent in this place.
 D = Time resting spent in this place.
 E = Time spent auto-exploring this place.
 F = Levels seen in this place.
 G = Mean time per level.
                   A        B        C        D        E       F      G
               +--------+--------+--------+--------+--------+-----+--------+
         Total |   2400 |   2336 |     64 |    315 |   1642 |   3 |  800.0 |
       Dungeon |   2400 |   2336 |     64 |    315 |   1642 |   3 |  800.0 |
               +--------+--------+--------+--------+--------+-----+--------+

Top non-repeatable levels by time:
     D:2: 1367 daAuts
     D:1: 996 daAuts
     D:3: 36 daAuts
